 Dungeon Crawl Stone Soup version 0.22.1-1-ga44c0e56f4 (webtiles) character file.

5340 LLavrengius the Blocker (level 10, -5/82 HPs)
             Began as a Gnoll Fighter on Sept 30, 2018.
             Was a Priest of Cheibriados.
             Splashed by an acid dragon's acid (11 damage)
             ... on level 9 of the Dungeon.
             The game lasted 00:41:46 (9596 turns).

LLavrengius the Blocker (Gnoll Fighter)             Turns: 9596, Time: 00:41:50

Health: -5/82      AC:  9    Str: 31    XL:     10   Next: 65%
Magic:  18/18      EV: 12    Int: 20    God:    Cheibriados [***...]
Gold:   313        SH: 13    Dex: 22    Spells: 19/19 levels left

rFire    . . .     SeeInvis .   a - +0 long sword
rCold    . . .     Gourm    .   c - +0 shield
rNeg     + . .     Faith    .   o - +0 chain mail (curse)
rPois    .         Spirit   .   s - +0 helmet
rElec    .         Reflect  .   u - +1 cloak
rCorr    .         Harm     .   (no gloves)
MR       .....                  m - +2 pair of boots
Stlth    ..........             (no amulet)
HPRegen  0.23/turn              x - +3 ring of protection
MPRegen  0.16/turn              w - ring of positive energy

@: mighty, corroded, very slow
A: distributed training, fangs 1, strong nose
a: Bend Time, Temporal Distortion, Renounce Religion


You were on level 9 of the Dungeon.
You worshipped Cheibriados.
Cheibriados was most pleased with you.
You were not hungry.

You visited 2 branches of the dungeon, and saw 11 of its levels.
You also visited: Ossuary.

You collected 487 gold pieces.
You spent 174 gold pieces at shops.

Inventory:

Hand Weapons
 a - a +0 long sword (weapon)
 b - a +0 hand crossbow
 M - the cursed +1 quarterstaff of Ithrilanimn {drain, rPois}
   (You found it on level 9 of the Dungeon)

   A truly terrible weapon, it drains the life of those it strikes.
   It protects you from poison.
   It has a curse placed upon it.
Missiles
 l - 7 tomahawks (quivered)
 p - 3 javelins of penetration
 y - 8 javelins
 z - 2 throwing nets
 B - 88 sling bullets
Armour
 c - a +0 shield (worn)
 m - a +2 pair of boots (worn)
 o - a cursed +0 chain mail (worn)
 r - a +0 buckler
 s - a +0 helmet (worn)
 u - a +1 cloak (worn)
 H - a +0 chain mail
 I - a +0 plate armour
Jewellery
 t - an uncursed ring of magical power
 w - a ring of positive energy (right hand)
 x - a +3 ring of protection (left hand)
Wands
 v - a wand of paralysis (10)
 G - a wand of polymorph (7)
Scrolls
 g - a scroll of enchant armour
 h - 4 scrolls of teleportation
 i - 6 scrolls of identify
 k - 12 scrolls of remove curse
 A - 2 scrolls of amnesia
 F - 3 scrolls of blinking
 K - 3 scrolls of magic mapping
Potions
 d - 3 potions of agility
 e - 5 potions of lignification
 j - 2 potions of curing
 n - 3 potions of flight
 q - a potion of mutation
 C - 2 potions of ambrosia
 D - 2 potions of brilliance
 E - a potion of magic
Comestibles
 f - 19 rations


   Skills:
 + Level 8.6 Fighting
 + Level 5.4 Short Blades
 + Level 7.1 Long Blades
 + Level 5.4 Axes
 + Level 5.4 Maces & Flails
 + Level 5.4 Polearms
 + Level 5.4 Staves
 + Level 5.4 Slings
 + Level 5.4 Bows
 + Level 5.4 Crossbows
 + Level 5.4 Throwing
 + Level 8.6 Armour
 + Level 5.4 Dodging
 + Level 5.4 Stealth
 + Level 8.6 Shields
 + Level 5.4 Unarmed Combat
 + Level 5.4 Spellcasting
 + Level 4.4 Conjurations
 + Level 4.4 Hexes
 + Level 4.4 Charms
 + Level 4.4 Summonings
 + Level 4.4 Necromancy
 + Level 4.4 Translocations
 + Level 4.4 Transmutations
 + Level 4.4 Fire Magic
 + Level 4.4 Ice Magic
 + Level 4.4 Air Magic
 + Level 4.4 Earth Magic
 + Level 4.4 Poison Magic
 + Level 5.9 Invocations
 + Level 5.4 Evocations


You had 19 spell levels left.
You didn't know any spells.
Your spell library was empty.

Dungeon Overview and Level Annotations

Branches:
Dungeon (10/15)            Temple (1/1) D:7            Lair (0/6) D:8
    Orc: D:9-12

Altars:
Ashenzari
Cheibriados
Dithmenos
Elyvilon
Fedhas
Hepliaklqana
Kikubaaqudgha
Makhleb
Nemelex Xobeh
Okawaru
Qazlal
Ru
Trog
Vehumet
Wu Jian
Xom
Yredelemnul
The Shining One

Shops:
D:8 ?

Annotations:
D:9 2 transporters, PeterQ's ghost, novice GnEn


Innate Abilities, Weirdness & Mutations

Your experience applies equally to all skills.
You have very sharp teeth.
Your uncanny sense of smell can sniff out nearby items.


Message History

You feel much better. The acid dragon spits acid at you.
The splash of acid hits you!
You are splashed with acid!
The acid burns!
* * * LOW HITPOINT WARNING * * *
You slash the acid dragon!
The acid dragon is severely wounded.
The acid dragon bites you but does no damage.
The acid dragon misses you. You block the acid dragon's attack.
The acid dragon claws you.
* * * LOW HITPOINT WARNING * * *
You closely miss the acid dragon.
The acid dragon is severely wounded.
You block the acid dragon's attack. The acid dragon barely misses you.
You completely miss the acid dragon.
The acid dragon is severely wounded.
The acid dragon spits acid at you. The splash of acid hits you!
* * * LOW HITPOINT WARNING * * *
You are splashed with acid!
The acid burns!
You die...

#################### ###########
...................# #..........
##########.........# #..........
#.........# #..........
#......@..# #..........
#.....D...# #..........
#.........# #.........>
#.........# #..........
#.........# #..........
#.........####..........
##########().(...................
..........)))....................
.................................


You could see an acid dragon.

Vanquished Creatures
  A hornet (D:10)
  A hippogriff (D:9)
  3 yaks
  3 hogs (D:8)
  A human (D:8)
  Menkaure (D:4)
  2 wargs (D:8)
  Edmund (D:5)
  An orc warrior (D:8)
  2 black bears (D:6)
  A phantom (D:5)
  2 ogres
  2 centaurs
  A big kobold (D:9)
  2 bullfrogs (D:7)
  A gnoll sergeant (D:5)
  2 scorpions (D:6)
  3 water moccasin zombies (Ossuary)
  9 killer bees
  5 howler monkeys
  3 crimson imps
  A quasit (D:8)
  A centaur zombie (D:6)
  2 hounds
  2 jellies
  A gnoll shaman (D:5)
  An orc priest (D:8)
  5 orc wizards
  A centaur skeleton (D:5)
  An iron imp (D:8)
  Natasha (thrice) (D:4)
  Terence (D:3)
  An iguana (D:5)
  3 worker ants
  A killer bee zombie (D:9)
  5 big kobold zombies (Ossuary)
  4 hound skeletons
  A howler monkey zombie (D:5)
  2 mummies (Ossuary)
  A worker ant zombie (D:6)
  Robin (D:4)
  49 gnolls
  8 adders
  2 shadow imps
  An ooze (D:4)
  3 adder zombies
  2 dart slugs
  3 leopard geckos
  12 orcs
  11 bats
  5 giant cockroaches
  14 goblins
  10 hobgoblins
  25 jackals
  9 kobolds
  3 quokkas
  2 ball pythons
  4 frilled lizards
  2 gnoll zombies (Ossuary)
  A goblin skeleton (D:8)
  4 goblin zombies (D:8)
  5 hobgoblin zombies
  A jackal skeleton (D:6)
  6 kobold zombies
  A leopard gecko skeleton (D:4)
  2 orc skeletons (D:8)
  7 orc zombies
  A quokka skeleton (D:6)
  5 rats
283 creatures vanquished.

Notes
Turn   | Place    | Note
-------+----------+-------------------------------------------
     0 | D:1      | LLavrengius the Gnoll Fighter began the quest for the Orb.
     0 | D:1      | Reached XP level 1. HP: 23/23 MP: 1/1
   140 | D:1      | Reached XP level 2. HP: 29/29 MP: 2/2
   461 | D:1      | Reached XP level 3. HP: 35/35 MP: 3/3
   832 | D:2      | Reached skill level 1 in Invocations
  1045 | D:2      | Reached skill level 1 in Short Blades
  1045 | D:2      | Reached skill level 1 in Axes
  1045 | D:2      | Reached skill level 1 in Maces & Flails
  1045 | D:2      | Reached skill level 1 in Polearms
  1045 | D:2      | Reached skill level 1 in Staves
  1045 | D:2      | Reached skill level 1 in Slings
  1045 | D:2      | Reached skill level 1 in Bows
  1045 | D:2      | Reached skill level 1 in Crossbows
  1045 | D:2      | Reached skill level 1 in Throwing
  1045 | D:2      | Reached skill level 1 in Dodging
  1045 | D:2      | Reached skill level 1 in Stealth
  1045 | D:2      | Reached skill level 1 in Unarmed Combat
  1045 | D:2      | Reached skill level 1 in Spellcasting
  1045 | D:2      | Reached skill level 1 in Evocations
  1123 | D:2      | Reached XP level 4. HP: 41/41 MP: 5/5
  1221 | D:2      | Found a sparkling altar of Nemelex Xobeh.
  1380 | D:3      | Found an ancient bone altar of Kikubaaqudgha.
  1426 | D:3      | Found a basalt altar of Yredelemnul.
  1560 | D:3      | Found a shimmering altar of Xom.
  1578 | D:3      | Found a radiant altar of Vehumet.
  1581 | D:3      | Found a stormy altar of Qazlal.
  1584 | D:3      | Found a white marble altar of Elyvilon.
  1776 | D:3      | Reached skill level 1 in Conjurations
  1776 | D:3      | Reached skill level 1 in Hexes
  1776 | D:3      | Reached skill level 1 in Charms
  1776 | D:3      | Reached skill level 1 in Summonings
  1776 | D:3      | Reached skill level 1 in Necromancy
  1776 | D:3      | Reached skill level 1 in Translocations
  1776 | D:3      | Reached skill level 1 in Transmutations
  1776 | D:3      | Reached skill level 1 in Fire Magic
  1776 | D:3      | Reached skill level 1 in Ice Magic
  1776 | D:3      | Reached skill level 1 in Air Magic
  1776 | D:3      | Reached skill level 1 in Earth Magic
  1776 | D:3      | Reached skill level 1 in Poison Magic
  1785 | D:3      | Found an ornate altar of the Wu Jian Council.
  2135 | D:3      | Noticed Terence
  2152 | D:3      | Killed Terence
  2152 | D:3      | Reached XP level 5. HP: 39/47 MP: 6/6
  2235 | D:4      | Found a shattered altar of Ashenzari.
  2261 | D:4      | Noticed Natasha
  2273 | D:4      | Killed Natasha
  2341 | D:4      | Noticed Robin
  2363 | D:4      | Killed Robin
  2403 | D:4      | Noticed Natasha
  2411 | D:4      | Killed Natasha
  2411 | D:4      | Reached XP level 6. HP: 42/53 MP: 8/8
  2566 | D:4      | Noticed Menkaure
  2571 | D:4      | Killed Menkaure
  2571 | D:4      | Reached skill level 5 in Long Blades
  2594 | D:4      | Noticed Natasha
  2603 | D:4      | Killed Natasha
  2944 | D:5      | Entered Level 5 of the Dungeon
  2948 | D:5      | Reached XP level 7. HP: 59/59 MP: 10/10
  3131 | D:5      | Found a sacrificial altar of Ru.
  3628 | D:5      | Reached XP level 8. HP: 50/67 MP: 12/12
  4459 | D:5      | Noticed Edmund
  4511 | D:5      | Killed Edmund
  5156 | D:6      | Found a sand-covered staircase.
  5161 | Ossuary  | Entered an ossuary
  5301 | Ossuary  | Reached XP level 9. HP: 67/72 MP: 14/14
  5596 | D:6      | Found a blossoming altar of Fedhas.
  5705 | D:7      | Found a staircase to the Ecumenical Temple.
  5727 | Temple   | Entered the Ecumenical Temple
  5736 | Temple   | Became a worshipper of Cheibriados the Contemplative
  6751 | D:7      | Reached * piety under Cheibriados
  7063 | D:7      | Found a bloodstained altar of Trog.
  7298 | D:8      | Found a glowing golden altar of the Shining One.
  7322 | D:8      | Reached skill level 5 in Invocations
  7410 | D:8      | Reached ** piety under Cheibriados
  7613 | D:8      | Reached XP level 10. HP: 70/80 MP: 17/17
  7999 | D:8      | Found a staircase to the Lair.
  8001 | D:8      | Found Plog's Magic Scroll Shop.
  8007 | D:8      | Bought a scroll of remove curse for 36 gold pieces
  8007 | D:8      | Bought a scroll of blinking for 90 gold pieces
  8007 | D:8      | Bought a scroll of random uselessness for 12 gold pieces
  8007 | D:8      | Bought a scroll of teleportation for 36 gold pieces
  8218 | D:8      | Reached skill level 5 in Short Blades
  8218 | D:8      | Reached skill level 5 in Axes
  8218 | D:8      | Reached skill level 5 in Maces & Flails
  8218 | D:8      | Reached skill level 5 in Polearms
  8218 | D:8      | Reached skill level 5 in Staves
  8218 | D:8      | Reached skill level 5 in Slings
  8218 | D:8      | Reached skill level 5 in Bows
  8218 | D:8      | Reached skill level 5 in Crossbows
  8218 | D:8      | Reached skill level 5 in Throwing
  8218 | D:8      | Reached skill level 5 in Dodging
  8218 | D:8      | Reached skill level 5 in Stealth
  8218 | D:8      | Reached skill level 5 in Unarmed Combat
  8218 | D:8      | Reached skill level 5 in Spellcasting
  8218 | D:8      | Reached skill level 5 in Evocations
  8614 | D:9      | Found a shadowy altar of Dithmenos.
  8681 | D:9      | Got a bloodstained quarterstaff
  8682 | D:9      | Identified the cursed +1 quarterstaff of Ithrilanimn
                  | {drain, rPois} (You found it on level 9 of the Dungeon)
  8711 | D:9      | Found a transporter.
  8720 | D:9      | Noticed PeterQ's ghost (novice GnEn)
  8852 | D:9      | Reached *** piety under Cheibriados
  9085 | D:9      | Found a transporter.
  9367 | D:10     | Entered Level 10 of the Dungeon
  9596 | D:9      | Splashed by an acid dragon's acid

Skill      XL: |  1  2  3  4  5  6  7  8  9 10 |
---------------+-------------------------------+-----
Invocations    | 1 2 3 4 5 |  5.9
Short Blades   | 1 2 3 4 5 |  5.4
Axes           | 1 2 3 4 5 |  5.4
Maces & Flails | 1 2 3 4 5 |  5.4
Polearms       | 1 2 3 4 5 |  5.4
Staves         | 1 2 3 4 5 |  5.4
Slings         | 1 2 3 4 5 |  5.4
Bows           | 1 2 3 4 5 |  5.4
Crossbows      | 1 2 3 4 5 |  5.4
Throwing       | 1 2 3 4 5 |  5.4
Dodging        | 1 2 3 4 5 |  5.4
Stealth        | 1 2 3 4 5 |  5.4
Unarmed Combat | 1 2 3 4 5 |  5.4
Spellcasting   | 1 2 3 4 5 |  5.4
Evocations     | 1 2 3 4 5 |  5.4
Conjurations   | 1 2 3 4 |  4.4
Hexes          | 1 2 3 4 |  4.4
Charms         | 1 2 3 4 |  4.4
Summonings     | 1 2 3 4 |  4.4
Necromancy     | 1 2 3 4 |  4.4
Translocations | 1 2 3 4 |  4.4
Transmutations | 1 2 3 4 |  4.4
Fire Magic     | 1 2 3 4 |  4.4
Ice Magic      | 1 2 3 4 |  4.4
Air Magic      | 1 2 3 4 |  4.4
Earth Magic    | 1 2 3 4 |  4.4
Poison Magic   | 1 2 3 4 |  4.4
Long Blades    | 5 6 7 |  7.1
Fighting       | 7 8 |  8.6
Armour         | 7 8 |  8.6
Shields        | 7 8 |  8.6

Action                   |  1- 3 |  4- 6 |  7- 9 | 10-12 || total
-------------------------+-------+-------+-------+-------++-------
Melee: Long sword        |   123 |   137 |   855 |   196 ||  1311
       Bite              |    10 |    17 |   141 |    48 ||   216
Throw: Tomahawk          |       |       |     6 |     3 ||     9
  Use: Potion            |       |     1 |     2 |     2 ||     5
       Scroll            |       |       |     9 |     3 ||    12
  Eat: Chunk             |     1 |     6 |    13 |     3 ||    23
       Ration            |       |       |     1 |       ||     1
Armor: Scale mail        |    58 |    63 |   214 |       ||   335
       Chain mail        |       |       |   120 |    89 ||   209
       Plate armour      |       |       |       |    29 ||    29
Dodge: Dodged            |    34 |    52 |   295 |    98 ||   479
Block: Shield            |    77 |    80 |   513 |   139 ||   809
       Rpst.: Long sword |    11 |    19 |    93 |    24 ||   147
